 Dungeon Crawl Stone Soup version 0.30-a0-739-gea05faddec (webtiles) character file.

Game seed: 6001443767049438007

287 dolemite99 the Magician (level 6, -11/60 HPs)
             Began as a Djinni Necromancer on Feb 5, 2023.
             Was a Believer of Dithmenos.
             Killed by divine providence
             ... invoked by an orc priest
              (13 damage)
             ... on level 6 of the Dungeon.
             The game lasted 00:07:30 (5119 turns).

dolemite99 the Magician (Djinni Necromancer)        Turns: 5119, Time: 00:07:31

Health: -11/60     AC:  2    Str:  7    XL:     6   Next: 56%
Gold:   264        EV: 12    Int: 19    God:    Dithmenos [**....] SH:  6 Dex: 13

rFire   + + .      SeeInvis .    q - +0 trident
rCold   x . .      Faith    .    l - +2 buckler
rNeg    . . .      Spirit   .    a - +0 robe
rPois   ∞          Reflect  .    (no helmet)
rElec   .          Harm     .    (no cloak)
rCorr   .          Rampage  .    (no gloves)
Will    .....                    (boots unavailable) Stlth
                                 (no amulet)
HPRegen 0.30/turn                (no ring)
MPRegen 0.00/turn                (no ring)

@: brilliant, berserking, flying, wreathed by umbra, very quick
A: sickness immunity, fire resistance 2, cold vulnerability 1, float, innate
caster, HP casting, extra vitality 1
a: Renounce Religion, Shadow Step


You were on level 6 of the Dungeon.
You worshipped Dithmenos.
Dithmenos was pleased with you.
You visited 2 branches of the dungeon, and saw 7 of its levels.

You collected 264 gold pieces.

Inventory:

Hand Weapons
 n - a +0 dagger
 o - a +0 sling
 q - a +0 trident (weapon)
 v - a +1 mace of holy wrath
Missiles
 c - 8 poisoned darts
Armour
 a - a +0 robe (worn)
 l - a +2 buckler (worn)
 s - an orb of wrath
Scrolls
 d - a scroll of amnesia {unknown}
 f - a scroll of vulnerability
 g - 2 scrolls of noise {unknown}
 j - 2 scrolls of fear
 k - 3 scrolls of enchant weapon
 r - a scroll of identify {@r1}
 t - a scroll of enchant armour {unknown}
 u - a scroll of teleportation {unknown}
 w - a scroll of immolation {unknown}
Potions
 b - a potion of magic
 e - a potion of brilliance
 h - a potion of mutation {unknown}
 m - a potion of lignification {unknown}
 p - a potion of haste


   Skills:
 - Level 2.1 Dodging
 - Level 1.5 Stealth
 + Level 1.9 Shields
 - Level 5.5 Spellcasting


You couldn't memorise any spells.
You knew the following spells:

 Your Spells              Type           Power      Damage    Failure   Level
a - Necrotise             Necr           100%       1d9       1%          1
b - Static Discharge      Conj/Air       78%        2-6/arc   2%          2
c - Vampiric Draining     Necr           39%        2d8       4%          3
d - Agony                 Necr           39%        N/A       41%         5
e - Sting                 Tmut/Pois      100%       1d8       1%          1
f - Animate Dead          Necr           39%        N/A       16%         4
Your spell library was empty.

Dungeon Overview and Level Annotations

Branches:
Dungeon (6/15)             Temple (1/1) D:6

Altars:
Ashenzari
Cheibriados
Dithmenos
Elyvilon
Fedhas
Gozag
Hepliaklqana
Makhleb
Nemelex Xobeh
Qazlal
Ru
Uskayaw
Wu Jian
Xom
Zin
The Shining One

Annotations:
D:2 1 runed translucent door, Crazy Yiuf
D:5 exclusion: ice beast
Temple 4 transporters


Innate Abilities, Weirdness & Mutations

You are immune to sickness and miasma.
You are immune to poison.
Your flesh is very heat resistant. (rF++)
You are vulnerable to cold. (rC-)
You float through the air rather than walking.
You learn spells naturally, not from books.
Your magical power is your life essence.
You have superior vitality. (+4 MHP)


Message History

You hear some strange, mumbled words.
Something tries to affect you, but you resist.
The orc priest invokes the aid of Beogh against you.
You struggle to resist.
The orc wizard points at you and mumbles some strange words.
The ufetubus attacks as you move away! The ufetubus misses you.
The ufetubus completely misses you. The ufetubus closely misses you.
The ufetubus hits you. The ufetubus attacks as you move away!
The ufetubus barely misses you. The ufetubus closely misses you.
The orc wizard casts a spell.
The orc wizard flickers and vanishes!
The ufetubus closely misses you. x2; The ufetubus misses you.
The ufetubus hits you. The ufetubus attacks as you move away!
The ufetubus hits you. x2
You're too confused to move!
The ufetubus barely misses you. The ufetubus hits you.
You miss the ufetubus. The ufetubus closely misses you.
The ufetubus hits you but does no damage.
You hear a distant slurping noise.
The orc priest calls down the wrath of Beogh upon you.
Beogh smites you!
* * * LOW HITPOINT WARNING * * *
The ufetubus hits you.
* * * LOW HITPOINT WARNING * * *
The ufetubus barely misses you.
Okay, then.
A red film seems to cover your vision as you go berserk!
You feel yourself moving faster!
You feel mighty!
You feel less confused.
Something tries to affect you, but you resist.
The orc priest calls down the wrath of Beogh upon you.
Beogh smites you!
* * * LOW HITPOINT WARNING * * *
You block the ufetubus's attack.
The ufetubus hits you but does no damage.
You feel a strong urge to attack something.
The orc priest invokes the aid of Beogh against you.
Beogh smites you!
You die...

..........# ...........#
...≈..≈....#
≈≈≈≈≈..§{{.#
≈≈≈≈≈≈≈≈≈≈o#
≈§§≈§≈≈≈≈§o# §§≈8>≈≈≈§.#
≈§§≈._§≈...#
..≈≈≈≈≈@5..#
..≈≈≈≈≈≈.§.#
..≈≈≈≈..§§.#############
....≈§..§..##...#...#...
...........##.⌠...⌠...⌠.
........#####...#...#...
#######.# ######.#####
#.#####...#...#...
#.......⌠...⌠...⌠.


You could see an orc priest, an orc and an ufetubus.

Vanquished Creatures
  A bullfrog (D:6)
  A hound (D:4)
  An iguana (D:3)
  7 adders
  An ufetubus (D:4)
  3 dart slugs
  7 orcs
  6 ball pythons
  7 bats
  4 endoplasms
  6 giant cockroaches
  6 goblins
  4 hobgoblins
  10 jackals
  7 kobolds
  A quokka (D:2)
  2 frilled lizards
  4 rats
78 creatures vanquished.

Vanquished Creatures (collateral kills)
  A dart slug (D:1)
  An orc (D:3)
  A goblin (D:3)
  A rat (D:2)
4 creatures vanquished.

Grand Total: 82 creatures vanquished

Notes
Turn   | Place    | Note
-------+----------+-------------------------------------------
     0 | D:1      | dolemite99 the Djinni Necromancer began the quest for the
                  | Orb.
     0 | D:1      | dolemite99 set off with the following spells memorised:
                  | Necrotise, Vampiric Draining, Animate Dead, Agony.
     0 | D:1      | Reached XP level 1. HP: 15/15 MP: 0/0
   403 | D:1      | Reached XP level 2. HP: 19/21 MP: 0/0
   667 | D:1      | Reached XP level 3. HP: 24/25 MP: 0/0
   667 | D:1      | Learned a level 1 spell: Sting
  1104 | D:2      | Reached skill level 4 in Spellcasting
  1757 | D:2      | Reached XP level 4. HP: 28/31 MP: 0/0
  1870 | D:2      | Found a runed translucent door.
  2219 | D:3      | Found a faded altar of an unknown god.
  2223 | D:3      | Found a broken altar of Ashenzari.
  2229 | D:3      | Prayed at the altar of an unknown god.
  2229 | D:3      | Became a worshipper of Dithmenos the Shadowed
  2229 | D:3      | Reached * piety under Dithmenos
  2758 | D:2      | Noticed Crazy Yiuf
  2868 | D:3      | Reached XP level 5. HP: 26/35 MP: 0/0
  2868 | D:3      | Learned a level 2 spell: Static Discharge
  3345 | D:3      | Reached skill level 5 in Spellcasting
  3929 | D:4      | Reached XP level 6. HP: 27/40 MP: 0/0
  4123 | D:4      | Reached ** piety under Dithmenos
  4704 | D:5      | Entered Level 5 of the Dungeon
  4730 | D:5      | Noticed an ice beast
  4859 | D:5      | Found a shadowy altar of Dithmenos.
  4906 | D:6      | Reached skill level 1 in Shields
  5034 | D:6      | Found a staircase to the Ecumenical Temple.
  5039 | Temple   | Entered the Ecumenical Temple
  5039 | Temple   | Found a transporter.
  5039 | Temple   | Found a transporter.
  5041 | Temple   | Found a transporter.
  5041 | Temple   | Found a transporter.
  5088 | D:6      | Found a stormy altar of Qazlal.
  5118 | D:6      | HP: 2/60 [orc priest/divine providence (13)]
  5119 | D:6      | Killed from afar by an orc priest

Illustrated notes

Levels and vault maps discovered:
D:1:      minmay_arrival_open_corners, layout_basic,
          minmay_misc_feat_four_crosses
D:2:      layout_rooms, grunt_ministairs_6, uniq_crazy_yiuf_cottage
D:3:      layout_basic, nicolae_overflow_ecumenical_swirl, minivault_23,
          grunt_ministairs_14
D:4:      layout_cave_pods
D:5:      layout_basic, nicolae_dithmenos_through_a_glass_darkly, uniq_grinder
D:6:      layout_basic, nicolae_qazlal_general_emergency,
          minmay_temple_entry_nine_rooms, serial_shops, shop, uniq_eustachio
Temple:   hellmonk_temple_divided_pantheon

Skill      XL: |  1  2  3  4  5  6 |
---------------+-------------------+-----
Spellcasting   | 4 5 |  5.5
Shields        | 1 |  1.9
Dodging        | |  2.1
Stealth        | |  1.5

Action                     |  1- 3 |  4- 6 || total
---------------------------+-------+-------++-------
  Melee: Unarmed           |     6 |     2 ||     8
         Trident           |       |    12 ||    12
   Cast: Necrotise         |    55 |    91 ||   146
         Vampiric Draining |       |     8 ||     8
         Static Discharge  |       |     1 ||     1
    Use: Scroll            |       |     9 ||     9
         Potion            |       |     4 ||     4
 Armour: Robe              |     4 |    13 ||    17
  Dodge: Dodged            |    24 |    73 ||    97
  Block: Buckler           |       |     1 ||     1

Table legend: (Time is in decaauts)
 A = Elapsed time spent in this place.
 B = Non-inter-level travel time spent in this place.
 C = Inter-level travel time spent in this place.
 D = Time resting spent in this place.
 E = Time spent auto-exploring this place.
 F = Levels seen in this place.
 G = Mean time per level.
                   A        B        C        D        E       F      G
               +--------+--------+--------+--------+--------+-----+--------+
         Total |   5104 |   4961 |    143 |   1404 |   2663 |   7 |  729.1 |
       Dungeon |   5080 |   4948 |    132 |   1404 |   2657 |   6 |  846.7 |
        Temple |     23 |     12 |     11 |      0 |      6 |   1 |   23.0 |
               +--------+--------+--------+--------+--------+-----+--------+

Top non-repeatable levels by time:
     D:3: 1434 daAuts
     D:2: 1098 daAuts
     D:1: 1098 daAuts
     D:4: 1059 daAuts
     D:5: 196 daAuts
     D:6: 194 daAuts
  Temple: 23 daAuts
